 Dungeon Crawl Stone Soup version 0.28-a0-474-g535839065c (webtiles) character file.

Game seed: 2115664015012075895

6938 robertstho the Thaumaturge (level 11, -2/76 HPs)
             Began as a Djinni Fire Elementalist on Sept 15, 2021.
             Was an Initiate of Gozag.
             Slain by a yak (8 damage)
             ... on level 9 of the Dungeon.
             The game lasted 00:14:05 (12989 turns).

robertstho the Thaumaturge (DjFE)                  Turns: 12989, Time: 00:14:07

Health: -2/76      AC:  7    Str:  7    XL:     11   Next: 27%
Gold:   1244       EV: 13    Int: 20    God:    Gozag SH:  0 Dex: 14

rFire   + + +      SeeInvis .   u - +0 dagger (venom)
rCold   . . .      Faith    .   (no shield)
rNeg    . . .      Spirit   .   a - +0 robe
rPois   ∞          Reflect  .   (no helmet)
rElec   .          Harm     .   E - scarf {rC+ rF+}
rCorr   .          Rampage  .   k - +0 pair of gloves
Will    +....                   (boots unavailable)
Stlth   ++........              (no amulet)
HPRegen 0.22/turn               q - +4 ring of protection
MPRegen 0.00/turn               (no ring)

@: flying
A: sickness immunity, fire resistance 2, cold vulnerability 1, float, innate
caster, hp casting, extra vitality 1
a: Renounce Religion, Potion Petition, Call Merchant, Bribe Branch


You were on level 9 of the Dungeon.
You worshipped Gozag.
Gozag was most pleased with you.
You visited 2 branches of the dungeon, and saw 10 of its levels.
You also visited: Ossuary.

You collected 1348 gold pieces.
You paid 104 gold pieces to Gozag.

Inventory:

Hand Weapons
 g - a +0 dagger
 u - a +0 dagger of venom (weapon)
Missiles
 b - 3 throwing nets
Armour
 a - a +0 robe (worn)
 k - a +0 pair of gloves (worn)
 z - a +0 cloak
 E - a scarf of resistance (worn)
Jewellery
 q - a +4 ring of protection (left hand)
Wands
 s - a wand of flame (51)
 v - a wand of polymorph (12)
 y - a wand of iceblast (7)
 C - a wand of charming (5)
Scrolls
 d - a scroll of blinking
 h - a scroll of silence
 m - a scroll of immolation
 n - a scroll of fog
 o - a scroll of holy word {unknown}
 t - a scroll of enchant armour {unknown}
 w - a scroll of fear {unknown}
 x - a scroll of torment {unknown}
 A - a scroll of amnesia {unknown}
 B - a scroll of identify
 F - a scroll of teleportation
Potions
 c - 3 potions of heal wounds
 e - 2 potions of invisibility {unknown}
 f - a potion of flight {unknown}
 i - a potion of attraction
 j - a potion of haste {unknown}
 l - a potion of magic {unknown}
 p - a potion of mutation {unknown}
 r - a potion of ambrosia {unknown}
 D - a potion of resistance


   Skills:
 * Level 5.4 Fighting
 + Level 0.5 Short Blades
 + Level 3.6 Dodging
 + Level 3.4 Stealth
 * Level 11.6 Spellcasting


You had 6 spell levels left.
You knew the following spells:

 Your Spells              Type           Power      Damage    Failure   Level
a - Foxfire               Conj/Fire      100%       2x1d9     1%          1
b - Scorch                Fire           100%       2d10      1%          2
c - Conjure Flame         Conj/Fire      55%        6-21      1%          3
d - Inner Flame           Hex/Fire       55%        N/A       1%          3
e - Flame Wave            Conj/Fire      55%        3d10      1%          4
f - Sting                 Tmut/Pois      100%       1d8       1%          1
g - Call Imp              Summ           55%        N/A       1%          2
h - Vampiric Draining     Necr           27%        2d9       1%          3
i - Leda's Liquefaction   Hex/Erth       27%        N/A       1%          4
j - Dispel Undead         Necr           55%        3d20      1%          4
Your spell library was empty.

Dungeon Overview and Level Annotations

Branches:
Dungeon (9/15)             Temple (1/1) D:6            Lair (0/6) D:8
Ossuary (visited)
    Orc: D:9-12

Altars:
Ashenzari
Cheibriados
Dithmenos
Elyvilon
Gozag
Hepliaklqana
Kikubaaqudgha
Makhleb
Nemelex Xobeh
Okawaru
Qazlal
Ru
Sif Muna
Trog
Uskayaw
Vehumet
Wu Jian
Xom
Yredelemnul
Zin
The Shining One

Annotations:
D:3 Sigmund
D:4 4 runed translucent doors
D:6 2 transporters


Innate Abilities, Weirdness & Mutations

You are immune to sickness and miasma.
You are immune to poison.
Your flesh is very heat resistant. (rF++)
You are vulnerable to cold. (rC-)
You float through the air rather than walking.
You learn spells naturally, not from books.
Your magical power is your life essence.
You have superior vitality. (+4 HP)


Message History

Unknown command.
A wave of flame ripples out!
The flame wave engulfs the orc wizard!!
You kill the orc wizard!
The yak is distracted by your dazzling golden aura.
A wave of flame ripples out!
You finish channelling waves of flame.
The yak bellows!
Unknown command.
Found a book of the Senses.
Casting: Flame Wave (mildly dangerous; 1% risk of failure)
Confirm with . or Enter, or press ? or * to list all spells.
Casting: Flame Wave (mildly dangerous; 1% risk of failure)
Press: ? - help, Dir - look around, f - activate A wave of flame ripples out! (Press . to intensify the flame waves.)
The yak is distracted by your dazzling golden aura.
Unknown command.
A wave of flame ripples out!
The flame wave engulfs the yak!
The yak is moderately wounded.
The flame wave engulfs the yak!
The yak is heavily wounded.
The yak is no longer distracted by gold.
The flame wave engulfs the yak!!
The yak is heavily wounded.
The yak gores you!
* * * LOW HITPOINT WARNING * * *
A wave of flame ripples out!
The flame wave engulfs the yak!!
The yak is almost dead.
The flame wave engulfs the yak!
The yak is severely wounded.
The flame wave engulfs the yak!
The yak is severely wounded.
The flame wave engulfs the yak!
The yak is moderately wounded.
The yak is no longer distracted by gold.
* * * LOW HITPOINT WARNING * * *
You finish channelling waves of flame.
The yak gores you!
* * * LOW HITPOINT WARNING * * *
The yak gores you!
You die...
Your body crumbles into a pile of gold.

#...# #....# :......
#...# #....# .......
###...####....# .......
...............
$.......#####.....##....#
..................'.....
....[..##.....[..##....#
.....YYY$.......##......
......Y@...)....##.#####
.............$.....#
...######.......#### ..
#.......# #.........
#.......... #####.......
# #....... # #....c. #


You could see 4 yaks.

Vanquished Creatures
  Harold (D:8)
  A deep elf pyromancer (D:8)
  Maurice (D:8)
  Joseph (D:8)
  A kobold demonologist (D:8)
  Grinder (D:5)
  A yak (D:8)
  2 vampires
  A wyvern (D:8)
  2 steam dragons (D:8)
  2 water moccasins
  3 orc warriors
  2 black bears (D:8)
  A necrophage (D:4)
  3 sky beasts
  2 ogres
  3 centaurs
  2 phantoms
  3 kobold brigands
  2 bullfrogs
  2 scorpions
  A water moccasin zombie (D:5)
  A wyvern zombie (D:8)
  A wyvern skeleton (D:7)
  5 howler monkeys
  4 wights (D:6)
  4 centaur zombies
  A bullfrog zombie (D:5)
  7 hounds
  A jelly (D:8)
  5 orc priests
  A centaur skeleton (D:7)
  A gnoll shaman (D:6)
  Ijyb (D:5)
  8 iguanas
  4 orc wizards
  Terence (D:3)
  2 killer bee zombies (D:8)
  A hound zombie (D:5)
  A hound skeleton (D:4)
  2 mummies (Ossuary)
  A howler monkey zombie (D:5)
  6 adders
  5 gnolls
  3 white imps
  An adder skeleton (D:4)
  4 worms
  5 dart slugs
  19 orcs
  10 ball pythons
  3 bats
  6 endoplasms
  6 giant cockroaches
  5 goblins
  6 hobgoblins
  4 jackals (D:1)
  14 kobolds
  4 quokkas
  6 frilled lizards
  5 gnoll zombies (Ossuary)
  A goblin zombie (Ossuary)
  3 hobgoblin zombies (Ossuary)
  3 orc zombies (Ossuary)
  6 rats
215 creatures vanquished.

Vanquished Creatures (others)
  An orc wizard (D:8)
  2 gnolls (D:8)
  An orc (D:8)
  704 foxfires
  2 plants (D:8)
710 creatures vanquished.

Grand Total: 925 creatures vanquished

Notes
Turn   | Place    | Note
-------+----------+-------------------------------------------
     0 | D:1      | robertstho the Djinni Fire Elementalist began the quest for
                  | the Orb.
     0 | D:1      | Reached XP level 1. HP: 15/15 MP: 0/0
   111 | D:1      | Reached XP level 2. HP: 13/21 MP: 0/0
   997 | D:1      | Reached XP level 3. HP: 24/26 MP: 0/0
   997 | D:1      | Learned a level 1 spell: Sting
  1344 | D:1      | Reached skill level 1 in Fighting
  1416 | D:1      | Reached skill level 3 in Spellcasting
  1900 | D:2      | Found a faded altar of an unknown god.
  2701 | D:3      | Reached XP level 4. HP: 26/32 MP: 0/0
  2899 | D:3      | Noticed a scorpion
  2903 | D:3      | Killed a scorpion
  2904 | D:3      | Reached skill level 4 in Spellcasting
  2904 | D:3      | Reached XP level 5. HP: 20/37 MP: 0/0
  2904 | D:3      | Learned a level 2 spell: Call Imp
  3703 | D:3      | Noticed Terence
  3707 | D:3      | Noticed Sigmund
  4015 | D:3      | Killed Terence
  4540 | D:4      | Reached XP level 6. HP: 37/42 MP: 0/0
  4586 | D:4      | Noticed an ogre
  4594 | D:4      | Killed an ogre
  4728 | D:4      | Noticed a sky beast
  4734 | D:4      | Killed a sky beast
  4735 | D:4      | Reached skill level 5 in Spellcasting
  4735 | D:4      | Reached XP level 7. HP: 34/49 MP: 0/0
  4735 | D:4      | Learned a level 3 spell: Vampiric Draining
  5290 | D:4      | Found a large runed translucent door.
  5290 | D:4      | Found a large runed translucent door.
  5304 | D:4      | Found a large runed translucent door.
  5304 | D:4      | Found a large runed translucent door.
  5852 | D:4      | Reached skill level 6 in Spellcasting
  5853 | D:4      | Reached XP level 8. HP: 46/55 MP: 0/0
  6394 | D:5      | Entered Level 5 of the Dungeon
  6737 | D:5      | Reached skill level 7 in Spellcasting
  6792 | D:5      | Found a white marble altar of Elyvilon.
  6792 | D:5      | Found a stormy altar of Qazlal.
  7143 | D:5      | Noticed Ijyb
  7148 | D:5      | Killed Ijyb
  7328 | D:5      | Noticed Grinder
  7334 | D:5      | Killed Grinder
  7335 | D:5      | Reached XP level 9. HP: 51/61 MP: 0/0
  7335 | D:5      | Learned a level 4 spell: Leda's Liquefaction
  7547 | D:5      | Found a glowing silver altar of Zin.
  7649 | D:5      | Reached skill level 8 in Spellcasting
  8251 | D:6      | Found a glowing golden altar of the Shining One.
  8787 | D:6      | Found a staircase to the Ecumenical Temple.
  8797 | Temple   | Entered the Ecumenical Temple
  8895 | Temple   | Became a worshipper of Gozag Ym Sagoz the Greedy
  8945 | D:6      | Found a transporter.
  8960 | D:6      | Reached skill level 9 in Spellcasting
  9127 | D:6      | Found a transporter.
  9941 | D:7      | Reached XP level 10. HP: 39/67 MP: 0/0
 10783 | D:8      | Noticed Maurice
 10791 | D:8      | Killed Maurice
 10792 | D:8      | Reached skill level 10 in Spellcasting
 10804 | D:8      | Noticed a kobold demonologist
 10812 | D:8      | Killed a kobold demonologist
 10957 | D:8      | Found a sand-covered staircase.
 10967 | Ossuary  | Entered an ossuary
 11460 | D:8      | Found a staircase to the Lair.
 11469 | D:8      | Noticed Harold
 11487 | D:8      | Killed Harold
 11504 | D:8      | Reached skill level 5 in Fighting
 11518 | D:8      | Reached skill level 11 in Spellcasting
 11518 | D:8      | Reached XP level 11. HP: 31/75 MP: 0/0
 11518 | D:8      | Learned a level 4 spell: Dispel Undead
 12036 | D:8      | Noticed Joseph
 12044 | D:8      | Killed Joseph
 12342 | D:8      | Noticed a deep elf pyromancer
 12347 | D:8      | Killed a deep elf pyromancer
 12989 | D:9      | Slain by a yak

Illustrated notes

Levels and vault maps discovered:
D:1:      psy_arrival_terrarium, layout_loops_ring,
          chequers_serial_rivers_micro_a
D:2:      layout_loops_cross, shapermc_ecumenical_altar_hornbeckon
D:3:      layout_basic, serial_curves, eino_curves_01, eino_curves_04,
          eino_curves_03, feat_on_display, uniq_sigmund, uniq_terence
D:4:      minmay_spotlight, layout_gridville, minmay_hollow_rounded_squares
D:5:      layout_loops_ring, chequers_temple_overflow_statue_of_worship,
          uniq_ijyb, uniq_grinder
D:6:      gammafunk_cloud_chamber, layout_basic, mainiacjoe_overflow_boulevard,
          minmay_temple_entry_antechambers
D:7:      layout_loops_ring
D:8:      layout_cave_pools, david_lair_generic, enter_ossuary_1,
          guppyfry_early_elven_hall, uniq_maurice, uniq_joseph, uniq_harold
D:9:      layout_basic
Temple:   regret_index_temple_sphere_string

Skill      XL: |  1  2  3  4  5  6  7  8  9 10 |
---------------+-------------------------------+-----
Fighting       | 1 2 3 4 5 |  5.4
Spellcasting   | 3 4 5 6 7 9 11 | 11.6
Stealth        | 2 3 |  3.4
Dodging        | 3 |  3.6
Short Blades   | |  0.5

Action                   |  1- 3 |  4- 6 |  7- 9 | 10-12 || total
-------------------------+-------+-------+-------+-------++-------
Melee: Dagger            |       |    11 |    27 |    21 ||    59
 Cast: Foxfire           |    94 |    63 |   120 |   127 ||   404
       Scorch            |     1 |    17 |    99 |    17 ||   134
       Sting             |       |     2 |       |       ||     2
       Flame Wave        |       |       |    10 |    21 ||    31
       Call Imp          |       |       |       |     1 ||     1
       Leda's Liquefacti |       |       |       |     1 ||     1
       Dispel Undead     |       |       |       |     2 ||     2
  Use: Scroll            |       |     5 |     1 |     1 ||     7
       Potion            |       |     2 |       |     1 ||     3
 Stab: Sleeping          |       |     1 |     1 |       ||     2
Armor: Robe              |     1 |     9 |    27 |    18 ||    55
Dodge: Dodged            |    11 |    16 |    43 |    50 ||   120

Table legend: (Time is in decaauts)
 A = Elapsed time spent in this place.
 B = Non-inter-level travel time spent in this place.
 C = Inter-level travel time spent in this place.
 D = Time resting spent in this place.
 E = Time spent auto-exploring this place.
 F = Levels seen in this place.
 G = Mean time per level.
                   A        B        C        D        E       F      G
               +--------+--------+--------+--------+--------+-----+--------+
         Total |  12987 |  12648 |    339 |    370 |  10873 |  11 | 1180.6 |
       Dungeon |  12494 |  12178 |    316 |    370 |  10499 |   9 | 1388.2 |
        Temple |    120 |     98 |     22 |      0 |     78 |   1 |  120.0 |
       Ossuary |    371 |    371 |      0 |      0 |    296 |   1 |  371.0 |
               +--------+--------+--------+--------+--------+-----+--------+

Top non-repeatable levels by time:
     D:3: 1952 daAuts
     D:4: 1871 daAuts
     D:1: 1625 daAuts
     D:6: 1514 daAuts
     D:5: 1402 daAuts
     D:8: 1368 daAuts
     D:7: 1296 daAuts
     D:2: 942 daAuts
     D:9: 521 daAuts
 Ossuary: 371 daAuts
  Temple: 120 daAuts
